 Dungeon Crawl Stone Soup version 0.30-a0-652-gcc886f7154 (webtiles) character file.

Game seed: 13955184914981184092

49 bmack86 the Trooper (level 3, -2/33 HPs)
             Began as a Minotaur Fighter on Jan 17, 2023.
             Slain by Sigmund
             ... wielding a +0 scythe of venom
              (4 damage)
             ... on level 2 of the Dungeon.
             The game lasted 00:02:40 (1163 turns).

bmack86 the Trooper (Minotaur Fighter)              Turns: 1163, Time: 00:02:40

Health: -2/33      AC:  7    Str: 22    XL:     3   Next: 51%
Magic:  2/2        EV:  9    Int:  5    God:
Gold:   61         SH:  0    Dex:  9    Spells: 2/2 levels left

rFire   . . .      SeeInvis .    a - +0 war axe
rCold   . . .      Faith    .    c - +1 buckler
rNeg    . . .      Spirit   .    b - +0 scale mail
rPois   .          Reflect  .    (helmet restricted)
rElec   .          Harm     .    (no cloak)
rCorr   .          Rampage  .    (no gloves)
Will    .....                    (no boots) Stlth
                                 (no amulet)
HPRegen 0.25/turn                (no ring)
MPRegen 0.08/turn                (no ring)

@: confused, lethally poisoned (-2 -> -8)
A: horns 2, retaliatory headbutt
a: no special abilities


You were on level 2 of the Dungeon.
You visited 1 branch of the dungeon, and saw 2 of its levels.

You collected 61 gold pieces.

Inventory:

Hand Weapons
 a - a +0 war axe (weapon)
 h - a +0 war axe
Missiles
 k - 3 silver boomerangs (quivered)
Armour
 b - a +0 scale mail (worn)
 c - a +1 buckler (worn)
Scrolls
 g - a scroll of teleportation {unknown}
 m - a scroll of vulnerability {unknown}
 o - a scroll of poison {unknown}
 p - a scroll of noise {unknown}
Potions
 d - a potion of might
 e - a potion of flight
 f - a potion of magic {unknown}
 i - a potion of berserk rage {unknown}
 j - a potion of curing {unknown}
 l - a potion of mutation {unknown}
 n - a potion of resistance {unknown}
 q - a potion of degeneration {unknown}


   Skills:
 + Level 4.0 Fighting
 * Level 3.4 Axes
 + Level 0.9 Throwing
 + Level 4.0 Armour
 + Level 4.0 Shields


You had 2 spell levels left.
You didn't know any spells.
Your spell library was empty.

Dungeon Overview and Level Annotations

Branches:
Dungeon (2/15)

Altars:

Annotations:
D:2 Sigmund


Innate Abilities, Weirdness & Mutations

You have a pair of horns on your head.
You reflexively headbutt those who attack you in melee.


Message History

You see here a quokka corpse.
Found a stone staircase leading down.
q - a black potion Sigmund the Dreaded comes into view.
He is wielding a +0 scythe of venom.
Sigmund points at you and mumbles some strange words.
The magic dart hits you.
You throw a silver boomerang. The silver boomerang hits Sigmund.
Sigmund is moderately wounded.
You throw a silver boomerang.
The silver boomerang closely misses Sigmund.
Sigmund hits you from afar with a +0 scythe of venom.
You are poisoned.
You feel very sick.
You barely miss Sigmund. Your headbutt misses Sigmund.
Sigmund is moderately wounded.
You feel very sick. Sigmund casts a spell at you.
You are confused.
Sigmund barely misses you.
You bump into the rock wall.
You feel sick.
You bump into the rock wall.
You feel sick. Sigmund closely misses you.
You miss Sigmund.
Sigmund is moderately wounded.
You feel sick.
Sigmund hits you with a +0 scythe of venom.
You are more poisoned.
You bump into the rock wall.
You feel sick.
Sigmund laughs darkly.
Sigmund hits you with a +0 scythe of venom!
* * * LOW HITPOINT WARNING * * *
You are lethally poisoned!
You bump into the rock wall.
* * * LOW HITPOINT WARNING * * *
You feel very sick.
You hit Sigmund. Your headbutt misses Sigmund.
Sigmund is moderately wounded.
* * * LOW HITPOINT WARNING * * *
You feel very sick.
Sigmund hits you with a +0 scythe of venom.
You die...

#....# #....##
###...# ##..#
######..# #
#.......##### #..
#...........#
#....###.........#.#
#.....@@..####.#...#
########### #....>#
#######


You could see Sigmund.

Vanquished Creatures
  2 adders (D:2)
  A worm (D:2)
  2 ball pythons
  4 endoplasms
  2 giant cockroaches
  2 goblins (D:1)
  A hobgoblin (D:1)
  3 jackals (D:2)
  2 kobolds
  2 quokkas
  2 rats
23 creatures vanquished.

Notes
Turn   | Place    | Note
-------+----------+-------------------------------------------
     0 | D:1      | bmack86 the Minotaur Fighter began the quest for the Orb.
     0 | D:1      | Reached XP level 1. HP: 19/19 MP: 0/0
   528 | D:1      | Reached XP level 2. HP: 27/27 MP: 1/1
   899 | D:2      | Found a faded altar of an unknown god.
  1003 | D:2      | Reached XP level 3. HP: 33/33 MP: 2/2
  1152 | D:2      | Noticed Sigmund
  1163 | D:2      | Slain by Sigmund

Illustrated notes

Levels and vault maps discovered:
D:1:      shiori_arrival_elements, layout_basic
D:2:      layout_basic, dilly_ecumenical_altar_fadedgnrine, uniq_sigmund

Skill      XL: |  1  2  3 |
---------------+----------+-----
Axes           | 3 |  3.4
Fighting       | 4 |  4.0
Shields        | 4 |  4.0
Armour         | 4 |  4.0
Throwing       | |  0.9

Action                   || total
-------------------------++-------
Melee: War axe           ||    48
       Headbutt          ||     6
Throw: Boomerang         ||    31
  Use: Scroll            ||     2
Armor: Scale mail        ||    21
Dodge: Dodged            ||    16
Block: Buckler           ||    21

Table legend: (Time is in decaauts)
 A = Elapsed time spent in this place.
 B = Non-inter-level travel time spent in this place.
 C = Inter-level travel time spent in this place.
 D = Time resting spent in this place.
 E = Time spent auto-exploring this place.
 F = Levels seen in this place.
 G = Mean time per level.
                   A        B        C        D        E       F      G
               +--------+--------+--------+--------+--------+-----+--------+
         Total |   1190 |   1137 |     53 |      0 |    917 |   2 |  595.0 |
       Dungeon |   1190 |   1137 |     53 |      0 |    917 |   2 |  595.0 |
               +--------+--------+--------+--------+--------+-----+--------+

Top non-repeatable levels by time:
     D:1: 768 daAuts
     D:2: 421 daAuts
